 Dungeon Crawl Stone Soup version 0.18-a0-824-g47fe746 (webtiles) character file.

205 root the Skirmisher (level 5, -2/48 HPs)
             Began as a Hill Orc Abyssal Knight on Dec 17, 2015.
             Was a Believer of Lugonu.
             Killed by divine providence
             ... invoked by an orc priest
              (9 damage)
             ... on level 3 of the Dungeon.
             The game lasted 00:15:13 (2704 turns).

root the Skirmisher (Hill Orc Abyssal Knight)       Turns: 2704, Time: 00:15:13

Health: -2/48      AC: 11    Str: 16    XL:     5   Next: 83%
Magic:  6/7        EV:  5    Int: 12    God:    Lugonu [**....]
Gold:   240        SH:  0    Dex: 14    Spells: 0 memorised, 4 levels left

rFire  . . .     SeeInvis .     a - +1 hand axe
rCold  . . .     Gourm    .     h - +0 plate armour
rNeg   . . .     Faith    .     (no shield)
rPois  .         Spirit   .     (no helmet)
rElec  .         Dismiss  .     (no cloak)
rCorr  .         Reflect  .     (no gloves)
SustAt .         Harm     .     (no boots)
MR     .....                    (no amulet)
Stlth  ..........               (no ring)
                                b - +4 ring of dexterity

@: not resistant to hostile enchantments, extremely unstealthy
A: no striking features
a: Depart the Abyss, Bend Space, Renounce Religion, Convert to Beogh


You were on level 3 of the Dungeon.
You worshipped Lugonu.
Lugonu was pleased with you.
You were not hungry.

You visited 1 branch of the dungeon, and saw 4 of its levels.
You visited the Abyss 1 time.

You collected 240 gold pieces.

Inventory:

Hand Weapons
 a - a +1 hand axe (weapon)
 l - a +0 blowgun
Missiles
 i - 27 poisoned needles
 j - 4 tomahawks (quivered)
Armour
 h - a +0 plate armour (worn)
 k - a +0 helmet
Magical Staves
 q - an uncursed staff of poison {unknown}
Jewellery
 b - a +4 ring of dexterity (left hand)
Scrolls
 n - 2 scrolls of identify
 o - a scroll of enchant armour {unknown}
 p - a scroll of fear {unknown}
 r - a scroll of remove curse
Potions
 d - 2 potions of haste
 e - 2 potions of heal wounds {unknown}
Comestibles
 c - 3 bread rations
 g - 2 meat rations
 m - a slice of pizza


   Skills:
 + Level 5.1 Fighting
 + Level 4.5 Axes
 + Level 1.1 Throwing
 + Level 3.1 Armour
 + Level 1.5 Dodging
 + Level 3.3 Invocations


You had 4 spell levels left.
You didn't know any spells.

Dungeon Overview and Level Annotations

Branches:
Dungeon (4/15)
 Temple: D:4-7

Altars:


Message History

The orc priest hits you but does no damage.
The orc wizard hits you but does no damage.
You hit the orc priest.
The orc priest is heavily wounded.
You hit the orc wizard.
The orc wizard is severely wounded.
The orc priest invokes the aid of Beogh against you.
Something smites you!
* * * LOW HITPOINT WARNING * * *
The orc wizard hits you but does no damage.
Space bends around you!
You blink.
* * * LOW HITPOINT WARNING * * *
You feel slightly more hungry.
The orc priest looks braver for a moment.
The orc wizard gestures wildly while chanting.
The orc wizard flickers and vanishes!
Deactivating autopickup; reactivate with Ctrl-A.
The orc priest calls down the wrath of Beogh upon you.
Something smites you!
You die...

.....# #..# #.# ###### ##(## #.#
# #..# #.# # ##.##
#.################ # ##### #..#
#................. # #...#
##.###.################ # #...#
#..##.# ############ # #...#
##.##.# #........... # #...#
#..#@# #.########## #####...#
##.#.# #.# #....... ........#
#.#.#####.# #.###### ......###
#.........# #.# ......######
#...####### #.# ####.......#
#.{)#########.# ...........#
#.#>o.........#
...........###.##################
...............##..........#.....


You could see an orc priest.

Vanquished Creatures
  Ijyb (D:2)
  Robin (D:2)
  6 adders
  4 gnolls (D:3)
  An adder skeleton (D:4)
  2 giant geckos (D:3)
  6 orcs
  3 giant cockroaches
  7 hobgoblins
  3 jackals (D:2)
  7 kobolds
  A quokka (D:2)
  3 bats
  4 giant newts
  11 goblins
  10 rats
70 creatures vanquished.

Notes
Turn   | Place    | Note
--------------------------------------------------------------
     0 | Abyss:1  | root the Hill Orc Abyssal Knight began the quest for the Orb.
     0 | Abyss:1  | Reached XP level 1. HP: 19/19 MP: 2/2
    48 | Abyss:2  | Noticed a wretched star
    49 | D:1      | Escaped the Abyss
   267 | D:1      | Reached skill level 4 in Fighting
   267 | D:1      | Reached XP level 2. HP: 27/27 MP: 4/4
   351 | D:1      | Reached * piety under Lugonu
  1002 | D:2      | Reached skill level 1 in Dodging
  1002 | D:2      | Reached XP level 3. HP: 29/33 MP: 5/5
  1453 | D:2      | Noticed Ijyb
  1473 | D:2      | Killed Ijyb
  1473 | D:2      | Reached XP level 4. HP: 38/41 MP: 6/6
  1547 | D:3      | Noticed Robin
  1710 | D:2      | Killed Robin
  1822 | D:3      | Reached ** piety under Lugonu
  1918 | D:3      | Reached XP level 5. HP: 43/47 MP: 7/7
  2200 | D:3      | Reached skill level 5 in Fighting
  2326 | D:3      | Reached skill level 1 in Throwing
  2704 | D:3      | Killed from afar by an orc priest

Vault maps used:
D:1:      saegor_arrival_simple_b
D:2:      uniq_iyjb
D:3:      first_bread, uniq_robin
D:4:      grunt_temple_overflow_lords_of_destruction, grunt_decor_resistance,
          uniq_pikel

Action                   |  1- 3 |  4- 6 || total
-------------------------+-------+-------++-------
Melee: Hand axe          |   122 |   120 ||   242
 Fire: Blowgun           |       |     1 ||     1
Throw: Tomahawk          |       |    31 ||    31
Invok: Depart the Abyss  |     1 |       ||     1
       Bend Space        |       |     1 ||     1
  Use: Scroll            |     3 |       ||     3
  Eat: Chunk             |     2 |     4 ||     6
